 Dungeon Crawl Stone Soup version 0.23.0 (webtiles) character file.

Game seed: 2929840473559501287

7940 Paulina the Blocker (level 11, -8/72 HPs)
             Began as a Formicid Wizard on Feb 15, 2019.
             Was an Elder of Kikubaaqudgha.
             Mangled by a death yak (16 damage)
             ... on level 10 of the Dungeon.
             The game lasted 00:55:51 (10019 turns).

Paulina the Blocker (Formicid Wizard)              Turns: 10019, Time: 00:55:51

Health: -8/72      AC:  8    Str: 12    XL:     11   Next: 46%
Magic:  8/20       EV: 12    Int: 21    God:    Kikubaaqudgha [****..]
Gold:   522        SH:  8    Dex:  9    Spells: 15/22 levels left

rFire    + . .     SeeInvis +   a - +1 trident (flame)
rCold    . . .     Gourm    .   H - -2 shield (curse)
rNeg     . . .     Faith    .   k - +0 robe
rPois    +         Spirit   .   (helmet unavailable)
rElec    .         Reflect  .   R - +0 cloak
rCorr    .         Harm     .   y - +0 pair of gloves
MR       +....                  n - +0 pair of boots
Stlth    +++.......             (no amulet)
HPRegen  0.22/turn              (no ring)
MPRegen  0.17/turn              (no ring)

@: no status effects
A: permanent stasis, dig shafts and tunnels, four strong arms, antennae 3, icy
blue scales 1, fire resistance 1, frail 1, poison resistance
a: Dig, Shaft Self, Receive Corpses, Renounce Religion


You were on level 10 of the Dungeon.
You worshipped Kikubaaqudgha.
Kikubaaqudgha was greatly pleased with you.
You were hungry.

You visited 2 branches of the dungeon, and saw 11 of its levels.

You collected 522 gold pieces.

Inventory:

Hand Weapons
 a - a +1 trident of flaming (weapon)
 b - a +0 hunting sling
 z - a +4 war axe
 L - a +1 rapier of venom
 P - a +2 double sword of slicing
 T - a +1 halberd
Missiles
 e - 245 stones (quivered)
 j - 28 sling bullets
 l - 2 needles of confusion
 m - 15 tomahawks
 q - 100 bolts
 B - 2 throwing nets
 F - 25 poisoned needles
 I - 251 arrows
Armour
 k - a +0 robe (worn)
 n - a +0 pair of boots (worn)
 r - the +1 scale mail of Beajix {rElec rPois rF+}
   (You found it on level 4 of the Dungeon)

   It protects you from fire.
   It insulates you from electricity.
   It protects you from poison.
 y - a +0 pair of gloves (worn)
 H - a cursed -2 shield (worn)
 R - a +0 cloak (worn)
Wands
 C - a wand of iceblast (7)
 E - a wand of disintegration (2)
 Q - a wand of flame (14)
 U - a wand of acid (4)
 V - a wand of digging (5)
 W - a wand of polymorph (5)
Scrolls
 c - 2 scrolls of enchant weapon
 f - a scroll of amnesia {unknown}
 i - 3 scrolls of immolation {unknown}
 p - 4 scrolls of enchant armour {unknown}
 u - a scroll of random uselessness {unknown}
 x - 7 scrolls of remove curse
 J - a scroll of fear {unknown}
 K - a scroll of magic mapping {unknown}
 O - 3 scrolls of identify
 S - a scroll of fog {unknown}
Potions
 d - 10 potions of curing
 g - 2 potions of magic
 h - 2 potions of degeneration {unknown}
 s - 2 potions of flight {unknown}
 t - 3 potions of resistance
 w - a potion of mutation
 D - 2 potions of heal wounds {unknown}
 G - a potion of brilliance {unknown}
 M - a potion of might {unknown}
 N - a potion of lignification {unknown}
Comestibles
 v - 23 rations


   Skills:
 - Level 6.0 Fighting
 - Level 1.8(2.0) Polearms
   Level 1.0(1.6) Staves
 - Level 1.0 Slings
 - Level 5.0 Armour
 - Level 3.0 Dodging
 - Level 5.3 Stealth
 - Level 9.0 Shields
 - Level 6.0 Spellcasting
 - Level 5.0 Conjurations
   Level 1.0 Summonings
 * Level 3.0 Necromancy
   Level 0.8 Translocations
 - Level 4.0 Fire Magic
 - Level 4.0 Air Magic
 - Level 8.1 Poison Magic


You had 15 spell levels left.
You knew the following spells:

 Your Spells              Type           Power        Failure   Level  Hunger
a - Conjure Flame         Conj/Fire      ####....     4%          3    ##.....
c - Magic Dart            Conj           ####         1%          1    None
e - Mephitic Cloud        Conj/Pois/Air  ####....     2%          3    ##.....

Your spell library contained the following spells:

 Spells                   Type           Power        Failure   Level  Hunger
 Pain                     Necr           ###.         2%          1    None
 Corpse Rot               Necr           N/A          4%          2    None
 Sublimation of Blood     Necr           ###.......   4%          2    None
 Vampiric Draining        Necr           ###.......   9%          3    ##.....
 Corona                   Hex            #......      10%         1    None
 Call Imp                 Summ           ##......     10%         2    None
 Dazzling Spray           Conj/Hex       ###...       11%         3    ##.....
 Ensorcelled Hibernation  Hex/Ice        #.....       14%         2    None
 Slow                     Hex            #.......     14%         2    None
 Confuse                  Hex            #.......     28%         3    ##.....
 Tukima's Dance           Hex            #.......     28%         3    ##.....
 Agony                    Necr           ###.....     61%         5    #####..
 Dispel Undead            Necr           ###.....     61%         5    #####..
 Excruciating Wounds      Chrm/Necr      ##........   82%         5    #####..
 Death Channel            Necr           ###.......   99%         6    #######
 Simulacrum               Ice/Necr       ##........   100%        6    #######
 Malign Gateway           Summ/Tloc      ##........   100%        7    #######
 Monstrous Menagerie      Summ           ##........   100%        7    #######
 Summon Greater Demon     Summ           ##........   100%        7    #######
 Summon Horrible Things   Summ           ##........   100%        8    #######
 Blink                    Tloc           Unusable     N/A         2    N/A

Dungeon Overview and Level Annotations

Branches:
Dungeon (10/15)            Temple (1/1) D:4             Orc (0/2) D:9
   Lair: D:8-11

Altars:
Ashenzari
Cheibriados
Dithmenos
Elyvilon
Fedhas
Gozag
Hepliaklqana
Kikubaaqudgha
Makhleb
Nemelex Xobeh
Okawaru
Qazlal
Ru
Sif Muna
Trog
Uskayaw
Vehumet
Wu Jian
Xom
Yredelemnul
Zin
The Shining One

Shops:
D:5 *   D:7 ?

Annotations:
D:2 exclusion: oklob plant
D:9 3 runed translucent doors, stillor's ghost, novice DrWz
D:10 Urug


Innate Abilities, Weirdness & Mutations

You cannot be hasted, slowed, berserked, paralysed or teleported.
You can dig through walls and to a lower floor.
Your four strong arms can wield two-handed weapons with a shield.
You have a pair of large antennae on your head. (SInv)
You are partially covered in icy blue scales. (AC +2)
Your flesh is heat resistant. (rF+)
You are frail. (-10% HP)
Your system is resistant to poisons. (rPois)


Message History

A two-headed ogre comes into view.
It is wielding a +0 giant spiked club and a +0 giant club.
The two-headed ogre shouts in stereo!
You hear an angry hiss.
You hear a bellow!
An iguana and a yak come into view.
The yak bellows!
You hear a bellow!
A crimson imp comes into view. It is wielding a +0 scimitar.
A yak comes into view.
The crimson imp shouts!
You hear a howl!
The death yak snorts and paws the ground.
An adder skeleton comes into view.
You extend your mandibles.
You dig through the rock wall.
The death yak gores you!! You block the adder's attack.
The death yak gores you!
You die...
Kikubaaqudgha rasps: "You have failed me!
Welcome... death!"

.......................
#.>.....##.Z##..........
.....(.....$...#........
..>..5..#...##..h....<..
...............###......
..)..........###?.%.h..=
...?....................
#......SlO.Y........../.
###.##@#.###.YY........
##Y## #........... ##Y##
#........... ##)##
#........(.. ##)## ###
....... #.## ##{## ....
##.###.#{## ##Y#.###.#
#.#)###.##


You could see a death yak, a two-headed ogre, a yak, an iguana, a crimson imp,
an adder and an adder skeleton (wandering).

Vanquished Creatures
  A two-headed ogre (D:10)
  A centaur warrior (D:10)
  A necromancer (D:9)
  A centaur zombie (D:8)
  A human (D:7)
  Eustachio (D:7)
  3 yaks (D:9)
  Grum (D:8)
  4 hogs (D:7)
  2 hungry ghosts
  A water moccasin (D:8)
  2 sky beasts
  9 orc warriors
  4 ogres
  4 centaurs
  2 wolves (D:8)
  3 bullfrogs
  2 gnoll sergeants
  7 scorpions
  4 killer bees (D:7)
  5 wights (D:7)
  2 howler monkeys
  5 crimson imps
  Crazy Yiuf (D:7)
  A bullfrog zombie (D:5)
  6 hounds
  A centaur skeleton (D:4)
  3 orc priests
  An iron imp (D:5)
  2 iguanas
  8 worker ants
  7 orc wizards
  3 polar bear simulacra (D:9)
  3 yak simulacra (D:9)
  4 wolf simulacra (D:9)
  A hound skeleton (D:9)
  4 gnolls (D:4)
  7 adders
  6 shadow imps
  An ooze (D:2)
  An adder zombie (D:8)
  2 adder skeletons
  3 worms
  A dart slug (D:4)
  3 leopard geckos
  30 orcs
  6 giant cockroaches
  2 gnoll zombies (D:4)
  6 goblins
  7 hobgoblins
  5 jackals
  4 kobolds
  A ball python skeleton (D:4)
  12 bats
  5 frilled lizards
  5 rats
  A river rat simulacrum (D:9)
219 creatures vanquished.

Vanquished Creatures (collateral kills)
  A killer bee (D:7)
1 creature vanquished.

Grand Total: 220 creatures vanquished

Notes
Turn   | Place    | Note
-------+----------+-------------------------------------------
     0 | D:1      | Paulina the Formicid Wizard began the quest for the Orb.
     0 | D:1      | Reached XP level 1. HP: 13/13 MP: 4/4
    23 | D:1      | Reached skill level 1 in Conjurations
   353 | D:1      | Reached XP level 2. HP: 19/19 MP: 0/6
  1033 | D:2      | Reached XP level 3. HP: 11/24 MP: 0/7
  1038 | D:2      | Learned a level 3 spell: Conjure Flame
  1042 | D:2      | Learned a level 3 spell: Mephitic Cloud
  1557 | D:2      | Found a blossoming altar of Fedhas.
  1568 | D:2      | Noticed an oklob plant
  1743 | D:2      | Reached XP level 4. HP: 30/30 MP: 8/8
  2471 | D:3      | Found a hide-covered altar of Uskayaw.
  2548 | D:3      | Reached XP level 5. HP: 35/35 MP: 4/9
  2787 | D:3      | Reached skill level 1 in Poison Magic
  2788 | D:3      | Reached skill level 1 in Fire Magic
  2867 | D:3      | Reached skill level 1 in Air Magic
  3168 | D:4      | Reached XP level 6. HP: 37/41 MP: 4/10
  3245 | D:4      | Found a staircase to the Ecumenical Temple.
  3267 | Temple   | Entered the Ecumenical Temple
  3339 | Temple   | Became a worshipper of Kikubaaqudgha
  3417 | D:4      | Got a brightly glowing scale mail
  3428 | D:4      | Identified the +1 scale mail of Beajix {rElec rPois rF+}
                  | (You found it on level 4 of the Dungeon)
  3458 | D:4      | Noticed an ogre
  3552 | D:4      | Killed an ogre
  3937 | D:4      | Found a glowing silver altar of Zin.
  3976 | D:4      | Reached XP level 7. HP: 46/46 MP: 7/11
  4434 | D:4      | Reached skill level 5 in Poison Magic
  4604 | D:4      | Found a basalt altar of Yredelemnul.
  4757 | D:5      | Entered Level 5 of the Dungeon
  4790 | D:5      | Found a snail-covered altar of Cheibriados.
  4797 | D:5      | Reached XP level 8. HP: 52/52 MP: 4/12
  4831 | D:5      | Found Meokh's Assorted Antiques.
  4869 | D:5      | Reached skill level 1 in Shields
  4897 | D:5      | Reached skill level 2 in Shields
  4945 | D:5      | Reached skill level 3 in Shields
  4969 | D:4      | Reached * piety under Kikubaaqudgha
  4969 | D:4      | Identified Kikubaaqudgha's Collected Works on Sinister
                  | Rituals (Kikubaaqudgha gifted it to you on level 4 of the
                  | Dungeon)
  4969 | D:4      | Received a gift from Kikubaaqudgha
  5161 | D:5      | Reached skill level 1 in Armour
  5426 | D:5      | Reached skill level 1 in Fighting
  5426 | D:5      | Reached skill level 1 in Staves
  5426 | D:5      | Reached skill level 1 in Slings
  6187 | D:6      | Reached XP level 9. HP: 40/59 MP: 8/14
  6418 | D:6      | Gained mutation: Your system is resistant to poisons.
                  | (rPois) [potion of mutation]
  6418 | D:6      | Gained mutation: You are partially covered in icy blue
                  | scales. (AC +2) [potion of mutation]
  6418 | D:6      | Gained mutation: You are frail. (-10% HP) [potion of
                  | mutation]
  6418 | D:6      | Gained mutation: Your flesh is heat resistant. (rF+)
                  | [potion of mutation]
  6990 | D:7      | Reached skill level 1 in Polearms
  7093 | D:7      | Found Loseir's Magic Scroll Shoppe.
  7398 | D:7      | Reached skill level 5 in Conjurations
  7426 | D:7      | Noticed Eustachio
  7453 | D:7      | Killed Eustachio
  7453 | D:7      | Reached skill level 5 in Stealth
  7496 | D:7      | Reached ** piety under Kikubaaqudgha
  7576 | D:7      | Reached XP level 10. HP: 41/61 MP: 1/16
  7859 | D:7      | Reached skill level 5 in Spellcasting
  7921 | D:7      | Found a runed translucent door.
  7922 | D:7      | Noticed Crazy Yiuf
  7932 | D:7      | Killed Crazy Yiuf
  8174 | D:8      | Found a hazy altar of Hepliaklqana.
  8308 | D:8      | Noticed Grum
  8383 | D:8      | Killed Grum
  8395 | D:8      | Reached skill level 5 in Armour
  8456 | D:8      | Reached skill level 5 in Fighting
  8767 | D:9      | Found a glowing golden altar of the Shining One.
  8822 | D:9      | Reached *** piety under Kikubaaqudgha
  8822 | D:9      | Identified Kikubaaqudgha's Compendium of Stolen Souls
                  | (Kikubaaqudgha gifted it to you on level 9 of the Dungeon)
  8822 | D:9      | Received a gift from Kikubaaqudgha
  8830 | D:9      | Found a radiant altar of Vehumet.
  8880 | D:9      | Reached skill level 4 in Shields
  9039 | D:9      | Noticed a kobold demonologist
  9040 | D:9      | Noticed a kobold demonologist
  9043 | D:9      | Found a runed translucent gate.
  9064 | D:9      | Found a runed translucent gate.
  9069 | D:9      | Found a runed translucent gate.
  9078 | D:9      | Reached skill level 5 in Shields
  9078 | D:9      | Reached XP level 11. HP: 37/72 MP: 2/20
  9274 | D:9      | Noticed stillor's ghost (novice DrWz)
  9306 | D:9      | Found a staircase to the Orcish Mines.
  9353 | D:9      | Found an ornate altar of the Wu Jian Council.
  9382 | D:9      | Noticed a necromancer
  9396 | D:9      | Reached skill level 6 in Shields
  9417 | D:9      | Killed a necromancer
  9417 | D:9      | Reached skill level 7 in Shields
  9725 | D:10     | Entered Level 10 of the Dungeon
  9725 | D:10     | Noticed a death yak
  9737 | D:10     | Noticed a centaur warrior
  9782 | D:10     | Killed a centaur warrior
  9782 | D:10     | Reached skill level 9 in Shields
  9919 | D:10     | Noticed a two-headed ogre
  9928 | D:10     | Reached skill level 1 in Necromancy
  9934 | D:10     | Killed a two-headed ogre
  9934 | D:10     | Reached **** piety under Kikubaaqudgha
  9968 | D:10     | Noticed a death yak
  9968 | D:10     | Noticed a death yak
  9976 | D:10     | Noticed Urug
 10015 | D:10     | Noticed a two-headed ogre
 10019 | D:10     | Mangled by a death yak

Skill      XL: |  1  2  3  4  5  6  7  8  9 10 11 |
---------------+----------------------------------+-----
Conjurations   | 1 2 3 4 5 |  5.0
Poison Magic   | 2 3 5 6 8 |  8.1
Fire Magic     | 1 2 3 4 |  4.0
Air Magic      | 1 2 3 4 |  4.0
Shields        | 3 5 9 |  9.0
Armour         | 1 2 5 |  5.0
Dodging        | 2 3 |  3.0
Fighting       | 1 2 6 |  6.0
Staves         | 1 |  1.0
Slings         | 1 |  1.0
Stealth        | 3 5 |  5.3
Spellcasting   | 4 6 |  6.0
Polearms       | 1 |  1.8
Necromancy     | 3 |  3.0
Summonings     | |  1.0
Translocations | |  0.8

Action                   |  1- 3 |  4- 6 |  7- 9 | 10-12 || total
-------------------------+-------+-------+-------+-------++-------
Melee: Unarmed           |     3 |       |     2 |       ||     5
       Quarterstaff      |       |    20 |    54 |       ||    74
       Trident           |       |       |   136 |   293 ||   429
 Fire: Hunting sling     |    49 |   116 |   146 |     1 ||   312
 Cast: Magic Dart        |    58 |    70 |    43 |    15 ||   186
       Mephitic Cloud    |       |     7 |    39 |    38 ||    84
       Conjure Flame     |       |     2 |    35 |    42 ||    79
 Abil: Dig               |     7 |     5 |    11 |    26 ||    49
Evoke: Wand              |       |       |       |     5 ||     5
  Use: Scroll            |       |       |     8 |       ||     8
       Potion            |       |       |     1 |       ||     1
 Stab: Confused          |       |     1 |    16 |    33 ||    50
       Sleeping          |       |       |       |     2 ||     2
  Eat: Chunk             |     3 |     7 |    16 |     9 ||    35
       Ration            |       |       |     1 |     1 ||     2
Armor: Robe              |     4 |    13 |    21 |    34 ||    72
Dodge: Dodged            |    19 |    27 |    86 |    93 ||   225
Block: Buckler           |       |       |    10 |    23 ||    33
       Shield            |       |       |       |     2 ||     2
